 Dungeon Sprint DCSS version bcrawl-1.40.3b (webtiles) character file.

Game seed: 8143140633487084644

737403 Groucho the Imperceptible (level 12, 77/77 HPs)
             Began as a Felid Berserker on Nov 28, 2023.
             Was the Champion of Trog.
             Escaped with the Orb!
             The game lasted 00:17:33 (5853 turns).

Groucho the Imperceptible (Felid Berserker)         Turns: 5853, Time: 00:17:34

Health: 77/77      AC:  3    Str: 16    XL:     12   Next: 83%
Magic:  13/13      EV: 39    Int:  9    God:    Trog [******]
Gold:   1466       SH:  0    Dex: 17    Spells: 11/11 levels left
                                        Lives:  0   Deaths: 3

rFire    + . .     GDR:     28%   - Teeth and claws (34.0)
rCold    + . .     SeeInvis +   (shield unavailable)
rNeg     . . .     Gourm    .   (armour unavailable)
rPois    +         Faith    .   (helmet unavailable)
rElec    +         Spirit   .   (cloak restricted)
rCorr    .         Reflect  .   (gloves unavailable)
MR       +....     NoTele   +   (boots unavailable)
Stlth    +++.......             o - amulet of the Air {Inacc +Fly rElec EV+5 RMsl}
HPRegen  0.22/turn              m - ring of protection from fire (curse)
MPRegen  0.13/turn              c - ring of poison resistance

@: flying, repel missiles, quick
A: very small, no armour, no weapons or thrown items, stealth, claws 1, fangs 3,
see invisible, carnivore, speed 1, shaggy fur 3, slow metabolism 1, sharp paws
0: Orb of Zot
a: Berserk, Trog's Hand, Brothers in Arms, Renounce Religion, Stop Flying


You escaped.
You worshipped Trog.
Trog was exalted by your worship.
You were hungry.

You visited 1 branch You collected 2665 gold pieces.
You spent 1199 gold pieces at shops.

Inventory:

Jewellery
 c - a ring of poison resistance (right paw)
 m - a cursed ring of protection from fire (left paw)
 o - the amulet of the Air (around neck) {Inacc +Fly rElec EV+5 RMsl}
   (You bought it in a shop in the Dungeon)

   [amulet of inaccuracy]

   It reduces the accuracy of all your attacks.
   It affects your evasion (+5).
   It insulates you from electricity.
   It lets you fly.
   It protects you from missiles.
 r - an uncursed ring of positive energy {unknown}
Wands
 h - a wand of polymorph (16)
 j - a wand of iceblast (13)
 l - a wand of digging (8)
Scrolls
 b - a scroll of immolation {unknown}
 g - a scroll of summoning {unknown}
 i - 2 scrolls of identify
 k - 2 scrolls of blinking
 n - a scroll of revelation {unknown}
 p - a scroll of enchant armour {unknown}
 q - a scroll of fear {unknown}
 s - a scroll of remove curse {unknown}
 t - a scroll of amnesia {unknown}
Potions
 a - 2 potions of magic
 f - a potion of berserk rage
 u - a potion of cancellation {unknown}
 v - a potion of heal wounds
Comestibles
 e - 3 rations {!d}


   Skills:
 + Level 15.7 Fighting
 + Level 19.5 Dodging
 - Level 25.3 Stealth
 + Level 18.2 Unarmed Combat


You had 11 spell levels left.
You didn't know any spells.
Your spell library was empty.

Dungeon Overview and Level Annotations

Branches:
Dungeon (1/1)

Altars:
Cheibriados
Dithmenos
Elyvilon
Fedhas
Gozag
Hepliaklqana
Kikubaaqudgha
Lugonu
Makhleb
Nemelex Xobeh
Okawaru
Qazlal
Ru
Sif Muna
Trog
Uskayaw
Vehumet
Wu Jian
Xom
Yredelemnul
Zin
The Shining One
Jiyva

Shops:
D }(}*(:!(*?:(?[[[=

Annotations:
D exclusion: oklob plant, Lom Lobon, Tiamat


Innate Abilities, Weirdness & Mutations

You cannot wear almost all types of armour.
You are incapable of wielding weapons or throwing items.
Your paws allow you to move quietly. (Stealth)
You have sharp claws.
You have razor-sharp teeth.
You have supernaturally acute eyesight. (SInv)
You are carnivorous and can eat meat at any time.
You cover ground quickly.
Your thick and shaggy fur keeps you warm. (AC +3, rC+)
You have a slow metabolism.
Your sharp claws are effective at attacking unaware monsters.


Message History

Things that are here:
a +0 scythe; a +0 robe
There is an open door here.
There is an open door here.
Items here: ( )) [ a +1 dagger of electrocution; a +0 hunting sling; 287 sling bullets a +0 leather armour
There is an open door here.
There is a staircase leading out of the dungeon here.
You start waiting.
You feel yourself speed up.
You start waiting.
You recover from your berserk rage.
You start waiting.
A sixfirhy, an orange demon, a smoke demon and a pandemonium lord come into view.
You have encountered a dangerous foe!
No path to travel!
Your Dodging skill increases to level 19!
Your Unarmed Combat skill increases to level 18!
You have escaped!

##################
#@.#.)').#.)'..#__
#..'..#..'..#..'..
#..#####'#####'#__
#.3####..#...#§###
#..#__####..##§#§≈
#.3#__D__##'#§.§≈≈
#&4#_.∩...+..._#§≈
####_..__##_.#'##§
#_____###+#[#..


You could see Kepiec, an orange demon (wandering), a sixfirhy (wandering) and a
smoke demon (wandering).

Vanquished Creatures
  3 fire giants (D)
  A lorocyproca (D)
  A deep elf annihilator (D)
  A green death (D)
  Sonja (D)
  A centaur warrior (D)
  7 unseen horrors (D)
  A lindwurm (D)
  An oklob plant (D)
  A merfolk siren (D)
  A gargoyle (D)
  A demonic crawler (D)
  2 kobold demonologists (D)
  A hellwing (D)
  A meliai (D)
  3 hornets (D)
  A slime creature (D)
  Sigmund (D)
  A yak (D)
  13 hogs (D)
  2 redbacks (D)
  3 floating eyes (D)
  7 necrophages (D)
  An ogre (D)
  8 jellies (D)
  Ijyb (D)
  A ballistomycete (D)
  A ballistomycete spore (D)
67 creatures vanquished.

Vanquished Creatures (collateral kills)
  A fire giant (D)
  A mummy priest (D)
  A deep troll (D)
  A centaur warrior (D)
  A merfolk siren (D)
  3 demonic crawlers (D)
  2 hornets (D)
10 creatures vanquished.

Vanquished Creatures (others)
  A gargoyle (D)
  A ballistomycete spore (D)
2 creatures vanquished.

Grand Total: 79 creatures vanquished

Notes
Turn   | Place    | Note
-------+----------+-------------------------------------------
     0 | D        | Groucho the Felid Berserker began the quest for the Orb.
     0 | D        | Reached XP level 1. HP: 12/12 MP: 2/2
     2 | D        | Noticed Ijyb
     3 | D        | Reached skill level 6 in Stealth
     3 | D        | Reached XP level 2. HP: 16/16 MP: 3/3
    11 | D        | Killed Ijyb
   352 | D        | Killed a gargoyle
   371 | D        | Noticed an ogre
   372 | D        | Reached skill level 10 in Stealth
   372 | D        | Reached XP level 3. HP: 20/20 MP: 4/4
   377 | D        | Killed an ogre
   449 | D        | Noticed Sigmund
   450 | D        | Reached skill level 13 in Stealth
   450 | D        | Reached XP level 4. HP: 24/24 MP: 5/5
   450 | D        | Reached XP level 5. HP: 28/28 MP: 6/6
   451 | D        | Killed Sigmund
   451 | D        | Reached ** piety under Trog
   470 | D        | Found a shimmering blue altar of Sif Muna.
   471 | D        | Found an ornate altar of the Wu Jian Council.
   472 | D        | Found a radiant altar of Vehumet.
   510 | D        | Found Fienun's Weapon Emporium.
   510 | D        | Found an ancient bone altar of Kikubaaqudgha.
   510 | D        | Found a hazy altar of Hepliaklqana.
   510 | D        | Found a hide-covered altar of Uskayaw.
   510 | D        | Found a basalt altar of Yredelemnul.
   510 | D        | Found an opulent altar of Gozag.
   510 | D        | Found a snail-covered altar of Cheibriados.
   510 | D        | Found a sacrificial altar of Ru.
   510 | D        | Found a shadowy altar of Dithmenos.
   510 | D        | Noticed a yak
   511 | D        | Reached skill level 15 in Stealth
   511 | D        | Found a stormy altar of Qazlal.
   511 | D        | Found a blossoming altar of Fedhas.
   511 | D        | Found a bloodstained altar of Trog.
   511 | D        | Found an iron altar of Okawaru.
   511 | D        | Found a glowing golden altar of the Shining One.
   511 | D        | Found a glowing silver altar of Zin.
   511 | D        | Found a white marble altar of Elyvilon.
   512 | D        | Killed a yak
   513 | D        | Found a sparkling altar of Nemelex Xobeh.
   677 | D        | Found a burning altar of Makhleb.
   677 | D        | Found a shimmering altar of Xom.
   677 | D        | Noticed a slime creature
   678 | D        | Reached skill level 17 in Stealth
   678 | D        | Gained mutation: You are covered in thick fur. (AC +2)
                  | [Felid growth]
   678 | D        | Reached XP level 6. HP: 32/32 MP: 7/7
   678 | D        | Found a viscous altar of Jiyva.
   678 | D        | Found a corrupted altar of Lugonu.
   680 | D        | Killed a slime creature
   693 | D        | Noticed a kobold demonologist
   693 | D        | Noticed a floating eye
   694 | D        | Reached skill level 18 in Stealth
   694 | D        | Reached XP level 7. HP: 36/36 MP: 8/8
   697 | D        | Noticed a soul eater
   697 | D        | Paralysed by a floating eye for 3 turns
   698 | D        | Noticed a kobold demonologist
   699 | D        | Reached skill level 19 in Stealth
   703 | D        | Reached *** piety under Trog
   708 | D        | Killed a kobold demonologist
   763 | D        | Noticed a demonic crawler
   763 | D        | Noticed a demonic crawler
   763 | D        | Noticed a demonic crawler
   764 | D        | Reached skill level 21 in Stealth
   764 | D        | Reached XP level 8. HP: 40/40 MP: 9/9
   764 | D        | Noticed a demonic crawler
   765 | D        | Reached skill level 22 in Stealth
   772 | D        | Killed a kobold demonologist
   772 | D        | Reached **** piety under Trog
  1047 | D        | Noticed a centaur warrior
  1047 | D        | Reached skill level 5 in Dodging
  1047 | D        | Reached skill level 5 in Unarmed Combat
  1047 | D        | Noticed a centaur warrior
  1048 | D        | Reached skill level 5 in Fighting
  1048 | D        | Reached XP level 9. HP: 42/47 MP: 10/10
  1053 | D        | Killed a centaur warrior
  1058 | D        | Killed a centaur warrior
  1310 | D        | Noticed a hornet
  1313 | D        | Killed a hornet
  1316 | D        | Noticed an oklob plant
  1318 | D        | Killed an oklob plant
  1344 | D        | Reached ***** piety under Trog
  1369 | D        | Noticed an unseen horror
  1369 | D        | Noticed an unseen horror
  1370 | D        | Reached skill level 23 in Stealth
  1390 | D        | Killed an unseen horror
  1408 | D        | Killed an unseen horror
  1438 | D        | Reached ****** piety under Trog
  1816 | D        | Found Kocyhe's Assorted Antiques.
  1816 | D        | Found Hud Zesergho's Gadget Shop.
  1816 | D        | Found Umecejukk's Weapon Boutique.
  1818 | D        | Found Bigoq's Book Emporium.
  1818 | D        | Found Ucsest's Distillery.
  1818 | D        | Found Ciwn's Antique Weapon Shoppe.
  1818 | D        | Found Urraapt's Assorted Antiques.
  1818 | D        | Found Eluas's Magic Scroll Emporium.
  1818 | D        | Found Ingosmarph's Book Shop.
  1818 | D        | Found Lokairun's Antique Weapon Shoppe.
  1822 | D        | Found Awe Rut's Magic Scroll Boutique.
  1823 | D        | Found Ciyss's Armour Emporium.
  1823 | D        | Found Tuzaun's Antique Armour Boutique.
  1824 | D        | Found Oshatoxi's Jewellery Emporium.
  1849 | D        | Bought a glowing brass wand for 124 gold pieces
  1897 | D        | Noticed a deep troll
  1898 | D        | Reached skill level 10 in Dodging
  1898 | D        | Reached XP level 10. HP: 56/56 MP: 11/11
  1903 | D        | Killed a deep troll
  2049 | D        | Found Gean's Armour Emporium.
  2061 | D        | Noticed Sonja
  2064 | D        | Killed Sonja
  2081 | D        | Killed by an exploding ballistomycete spore
  2082 | D        | Reached XP level 9. HP: -1/51 MP: 10/10
  2130 | D        | Found Puiq's Gadget Boutique.
  2184 | D        | Bought a cursed ring of protection from fire for 264 gold
                  | pieces
  2235 | D        | Killed a demonic crawler
  2239 | D        | Killed a demonic crawler
  2242 | D        | Killed a demonic crawler
  2244 | D        | Killed a demonic crawler
  2314 | D        | Noticed a lindwurm
  2318 | D        | Killed a lindwurm
  2331 | D        | Reached skill level 24 in Stealth
  2331 | D        | Reached skill level 10 in Unarmed Combat
  2686 | D        | Noticed a 12-headed hydra
  2687 | D        | Reached XP level 10. HP: 58/58 MP: 11/11
  3108 | D        | HP: 4/87 [12-headed hydra (4)]
  3108 | D        | Mangled by a 12-headed hydra
  3109 | D        | Reached XP level 9. HP: -8/79 MP: 10/10
  3109 | D        | Noticed a lorocyproca
  3110 | D        | Noticed a meliai
  3114 | D        | Killed a lorocyproca
  3119 | D        | Killed a meliai
  3174 | D        | Mangled by a 12-headed hydra
  3175 | D        | Reached XP level 8. HP: -12/50 MP: 9/9
  3577 | D        | Noticed a golden dragon
  3578 | D        | Reached skill level 10 in Fighting
  3578 | D        | Reached XP level 9. HP: 55/55 MP: 10/10
  3578 | D        | Noticed a shadow dragon
  3579 | D        | Reached XP level 10. HP: 60/60 MP: 11/11
  3590 | D        | Noticed a merfolk siren
  3591 | D        | Reached skill level 25 in Stealth
  3591 | D        | Noticed a deep elf annihilator
  3593 | D        | Noticed a merfolk siren
  3622 | D        | Killed a deep elf annihilator
  3629 | D        | Killed a merfolk siren
  3634 | D        | Killed a merfolk siren
  3639 | D        | Noticed a mummy priest
  3647 | D        | Noticed an oklob plant
  3658 | D        | Noticed an orange demon
  3658 | D        | Killed a mummy priest
  4051 | D        | Bought an uncursed ring of poison resistance for 240 gold
                  | pieces
  4051 | D        | Bought the amulet of the Air {Inacc +Fly rElec EV+5 RMsl}
                  | for 571 gold pieces
  4051 | D        | Found the amulet of the Air {Inacc +Fly rElec EV+5 RMsl}
  4100 | D        | Noticed a gargoyle
  4104 | D        | Killed a gargoyle
  4142 | D        | Noticed a daeva
  4163 | D        | Noticed an unseen horror
  4163 | D        | Noticed an unseen horror
  4163 | D        | Noticed an unseen horror
  4163 | D        | Noticed an unseen horror
  4164 | D        | Reached skill level 15 in Dodging
  4164 | D        | Reached XP level 11. HP: 53/66 MP: 12/12
  4165 | D        | Killed an unseen horror
  4172 | D        | Killed an unseen horror
  4176 | D        | Killed an unseen horror
  4178 | D        | Noticed an unseen horror
  4186 | D        | Killed an unseen horror
  4201 | D        | Killed an unseen horror
  4360 | D        | Noticed a fire giant
  4365 | D        | Noticed a fire giant
  4377 | D        | Killed a fire giant
  4378 | D        | Noticed a fire giant
  4379 | D        | Reached skill level 15 in Unarmed Combat
  4387 | D        | Killed a fire giant
  4391 | D        | Killed a fire giant
  4541 | D        | Noticed a fire giant
  4557 | D        | Killed a fire giant
  4565 | D        | Identified the +4 dragonskin cloak
  4565 | D        | Noticed Tiamat
  4566 | D        | Gained mutation: Your thick and shaggy fur keeps you warm.
                  | (AC +3, rC+) [Felid growth]
  4566 | D        | Reached XP level 12. HP: 50/74 MP: 13/13
  5656 | D        | Identified the +9 glaive "Jair" {chop, rElec rF+}
  5702 | D        | Noticed Lom Lobon
  5703 | D        | Reached skill level 15 in Fighting
  5710 | D        | Got the Orb of Zot
  5746 | D        | Noticed a green death
  5754 | D        | Killed a green death
  5852 | D        | Noticed Kepiec the pandemonium lord
  5853 | D        | Escaped with the Orb!

Skill      XL: |  1  2  3  4  5  6  7  8  9 10 11 12 |
---------------+-------------------------------------+-----
Stealth        | 6 10 13 17 18 21 22 24 25 | 25.3
Fighting       | 10 9 12 14 15 | 15.7
Dodging        | 13 12 15 17 19 | 19.5
Unarmed Combat | 12 11 14 16 18 | 18.2

Action                   |  1- 3 |  4- 6 |  7- 9 | 10-12 || total
-------------------------+-------+-------+-------+-------++-------
Melee: Unarmed           |    11 |     9 |   145 |    98 ||   263
       Bite              |       |     2 |    24 |    19 ||    45
       Punch             |       |       |     8 |     9 ||    17
Invok: Berserk           |     2 |       |     5 |     2 ||     9
       Brothers in Arms  |       |       |     5 |     6 ||    11
       Trog's Hand       |       |       |     5 |     4 ||     9
 Abil: Evoke Flight      |       |       |       |     1 ||     1
Evoke: Wand              |       |       |     1 |     2 ||     3
  Use: Scroll            |       |       |     1 |       ||     1
       Potion            |       |       |     1 |     6 ||     7
 Stab: Sleeping          |       |     3 |    17 |     4 ||    24
       Distracted        |       |       |       |     1 ||     1
  Eat: Chunk             |     3 |     4 |     5 |     2 ||    14
       Ration            |       |       |     1 |     1 ||     2
Armor: Skin              |       |       |     7 |     5 ||    12
Dodge: Dodged            |     6 |     4 |   157 |   155 ||   322
       Deflected         |       |       |       |     1 ||     1
